Map: Hard Lead LE

Players

TWELVE - Winner!

  • Race: Terran Terran
  • Spawn Location: 5:00

NBx

  • Race: Terran Terran
  • League: Gold
  • Spawn Location: 11:00

VOD

Have the link to the VOD?

Description

Time

  • Played on: Oct. 11, 2023, 3:51 p.m.
  • Length: 19:05
Show
View Real Time Build Order
Export as new Build Order

TWELVE Terran - Winner!

Build Orders:  

Get SALT Encoding   

  12  0:12  Supply Depot  
  12  0:24  Supply Depot, SCV  
  13  0:40  Barracks  
  13  0:43  SCV  
  14  0:55  SCV  
  15  1:07  SCV  
  16  1:19  SCV  
  17  1:28  Marine  
  17  1:31  SCV  
  19  1:37  Barracks  
  19  1:43  SCV  
  19  1:46  Barracks, Marine  
  21  1:55  SCV  
  22  2:04  Marine  
  22  2:06  Barracks  
  24  2:14  Orbital Command  
  23  2:19  Engineering Bay  
  23  2:21  Marine  
  24  2:39  Refinery  
  24  2:40  Refinery  
  24  2:41  SCV  
  24  2:43  Marine x2  
  27  2:44  Marine  
  28  2:52  Marine  
  28  2:53  SCV  
  30  3:05  SCV  
  31  3:19  Supply Depot  
  31  3:24  Terran Infantry Weapons Level 1  
  31  3:41  Supply Depot  
  31  3:42  Supply Depot  
  31  3:48  Supply Depot  
  31  3:54  Barracks Reactor x2  
  31  3:56  Marine x2  
  31  4:01  SCV  
  34  4:03  Command Center  
  34  4:13  SCV  
  35  4:17  Barracks Reactor  
  35  4:18  Barracks Reactor  
  35  4:25  SCV  
  36  4:33  Barracks  
  36  4:37  SCV  
  37  4:48  Marine x2  
  37  4:49  SCV, Marine x2  
  42  4:55  Marine x2  
  42  4:56  Marine x2  
  46  5:09  Marine x2  
  46  5:10  Marine x2  
  50  5:18  Terran Infantry Armor Level 1  
  50  5:21  Marine x3  
  51  5:22  Barracks Tech Lab, Marine  
  51  5:27  Orbital Command  
  54  5:31  SCV, Refinery  
  54  5:33  Refinery  
  55  5:36  Marine x2  
  55  5:39  Marine  
  55  5:41  Marine  
  59  5:43  SCV  
  59  5:44  Marine  
  59  5:46  Marine  
  62  5:50  Marine  
  62  5:52  Marine  
  62  5:54  Marine  
  62  5:55  SCV  
  66  6:02  SCV  
  67  6:08  SCV  
  68  6:14  SCV  
  68  6:17  Combat Shield  
  69  6:20  SCV  
  70  6:26  SCV  
  70  6:27  Factory  
  70  6:32  SCV  
  72  6:37  Ghost Academy  
  72  6:38  SCV  
  73  6:44  SCV  
  74  6:48  Marine x5  
  74  6:49  Marine  
  74  6:50  Marine, SCV  
  74  6:52  Marine  
  83  6:56  SCV  
  84  7:02  SCV  
  84  7:08  SCV  
  86  7:12  Ghost Academy  
  61  7:30  SCV x2  
  61  7:36  Stimpack  
  63  7:42  SCV  
  63  7:43  SCV  
  65  7:44  Personal Cloaking  
  65  7:45  Nuke  
  65  7:47  Armory  
  65  7:54  Barracks Tech Lab x4, SCV  
  65  7:55  SCV  
  67  8:06  SCV  
  67  8:07  SCV  
  69  8:13  Starport  
  69  8:15  Command Center  
  69  8:17  Refinery  
  69  8:18  SCV  
  69  8:19  SCV  
  72  8:22  Refinery  
  72  8:23  Ghost x4  
  79  8:30  SCV  
  79  8:31  SCV  
  79  8:33  Ghost  
  83  8:43  Terran Infantry Weapons Level 2, SCV x2  
  85  9:10  Nuke, Supply Depot  
  85  9:18  Supply Depot  
  85  9:20  SCV, Supply Depot  
  86  9:27  SCV  
  86  9:30  Ghost x2  
  91  9:32  SCV  
  91  9:33  Medivac  
  94  9:39  SCV  
  94  9:44  SCV  
  90  9:51  SCV  
  85  9:56  SCV  
  86  10:01  Ghost x2  
  86  10:03  SCV  
  91  10:08  SCV  
  83  10:30  Ghost x2  
  87  10:39  Nuke  
  87  10:40  Nuke  
  87  10:47  Command Center  
  87  10:52  Ghost  
  89  10:59  Terran Infantry Armor Level 2  
  89  11:13  Ghost  
  87  11:28  Medivac x2  
  91  11:35  Ghost  
  93  11:45  SCV  
  93  11:46  SCV  
  76  11:57  SCV  
  76  11:58  SCV  
  63  12:09  SCV  
  63  12:10  SCV  
  63  12:14  Ghost x3  
  59  12:22  SCV x2  
  61  12:24  Ghost  
  64  12:32  Orbital Command  
  64  12:34  SCV x2  
  65  12:41  Refinery  
  65  12:46  SCV x2  
  65  12:47  Ghost x2  
  71  12:56  Medivac  
  71  12:58  SCV x2  
  74  13:01  Medivac  
  77  13:08  SCV  
  77  13:10  SCV  
  77  13:11  SCV  
  80  13:14  Ghost  
  80  13:18  Ghost  
  84  13:20  SCV  
  84  13:22  SCV  
  84  13:23  SCV  
  84  13:24  Marine  
  84  13:25  Marine  
  84  13:26  Ghost  
  91  13:32  SCV  
  92  13:34  SCV  
  92  13:35  SCV  
  94  13:43  Command Center  
  94  13:44  SCV  
  94  13:46  SCV, Refinery  
  94  13:47  SCV  
  97  13:57  SCV  
  97  13:58  SCV  
  97  13:59  SCV  
  100  14:16  Refinery  
  100  14:22  Ghost  
  100  14:23  Ghost x4  
  110  14:32  SCV  
  110  14:33  SCV x2  
  113  14:44  SCV  
  113  14:45  SCV x2, Ghost Academy  
  116  14:51  Ghost x4  
  124  14:56  SCV  
  124  14:57  SCV x2  
  124  14:58  Terran Infantry Weapons Level 3  
  127  15:03  Ghost Academy  
  127  15:08  SCV, Ghost Academy  
  127  15:09  SCV x2  
  127  15:13  Medivac  
  132  15:15  Medivac  
  132  15:18  Ghost Academy  
  132  15:20  SCV  
  132  15:21  SCV x2, Ghost Academy  
  122  15:53  Ghost x3  
  122  15:54  Ghost x2  
  132  15:59  Command Center  
  132  16:01  Refinery  
  132  16:22  Ghost  
  132  16:23  Orbital Command  
  134  16:27  Ghost  
  136  16:47  Ghost x2  
  140  16:58  Nuke  
  140  17:10  Ghost  
  142  17:16  Orbital Command  
  142  17:20  Refinery  
  142  17:21  Command Center  
  142  17:22  SCV x3  
  145  17:25  Refinery  
  145  17:32  Ghost x2  
  145  17:33  Ghost x2  
  145  17:34  SCV x3  
  156  17:39  Ghost  
  156  17:41  Nuke  
  158  17:46  SCV x3  
  161  17:58  SCV x3  
  136  18:10  SCV x3  
  137  18:13  Ghost x4  
  145  18:21  Ghost  
Show
View Real Time Build Order
Export as new Build Order

NBx Terran 

Build Orders:  

Get SALT Encoding   

  12  0:00  SCV  
  13  0:16  Supply Depot  
  13  0:17  SCV  
  14  0:29  SCV  
  15  0:40  Barracks  
  15  0:41  SCV  
  16  0:53  SCV  
  16  0:54  Refinery  
  17  1:05  SCV  
  18  1:17  SCV  
  19  1:30  Command Center, SCV  
  20  1:33  Marine  
  21  1:45  Orbital Command  
  21  1:52  Marine  
  22  2:08  Barracks  
  22  2:11  SCV  
  23  2:24  Barracks Reactor  
  23  2:37  Refinery  
  23  2:42  Orbital Command, SCV  
  24  2:54  SCV  
  25  3:04  Barracks Tech Lab  
  25  3:06  SCV  
  25  3:12  Marine x2  
  28  3:13  Supply Depot  
  28  3:14  SCV  
  28  3:18  SCV  
  30  3:26  SCV  
  31  3:30  SCV  
  31  3:33  Marine  
  31  3:34  Marine x2  
  33  3:36  Supply Depot  
  33  3:37  Stimpack  
  33  3:38  SCV  
  36  3:42  SCV  
  36  3:48  Barracks  
  37  3:50  SCV  
  37  3:51  Marine x2  
  37  3:52  Marine  
  37  3:54  SCV  
  42  3:58  Supply Depot  
  42  4:02  SCV  
  43  4:05  Factory  
  43  4:06  SCV  
  44  4:14  SCV  
  45  4:19  SCV  
  45  4:22  Marine, Supply Depot  
  45  4:23  Marine  
  45  4:24  Marine  
  48  4:26  SCV  
  50  4:37  Barracks Reactor  
  50  4:38  SCV  
  50  4:39  Engineering Bay  
  51  4:53  Barracks, Factory Tech Lab  
  51  5:01  Starport  
  51  5:04  Marine x2  
  51  5:05  Marine  
  51  5:07  Engineering Bay  
  54  5:13  SCV  
  55  5:16  Combat Shield  
  55  5:18  Refinery  
  55  5:20  Terran Infantry Weapons Level 1  
  55  5:22  Siege Tank, Marine x3  
  55  5:24  Marine  
  55  5:25  SCV, Marine  
  64  5:33  Terran Infantry Armor Level 1  
  64  5:37  SCV  
  64  5:40  Armory, Marine  
  64  5:41  Starport Tech Lab  
  66  5:43  Starport Reactor  
  66  5:48  Barracks Reactor  
  66  5:53  Barracks  
  66  6:11  SCV, Refinery  
  67  6:23  SCV  
  68  6:30  Armory, Medivac  
  70  6:38  Supply Depot  
  70  6:47  Medivac, Marine x6  
  70  6:50  Barracks Reactor  
  78  7:00  SCV  
  79  7:01  Supply Depot  
  73  7:22  Marine x2  
  55  7:23  Marine x5  
  55  7:25  Siege Tank, Supply Depot  
  64  7:35  Marine x2  
  66  7:39  Command Center  
  66  7:40  Marine x2  
  66  7:44  Starport  
  68  7:45  Terran Vehicle Weapons Level 1  
  68  7:46  Terran Vehicle And Ship Armor Level 1  
  68  7:47  Terran Infantry Weapons Level 2  
  68  7:49  Supply Depot  
  68  7:53  Terran Infantry Armor Level 2  
  68  7:55  Marine x2  
  68  7:56  Marine x4  
  68  7:57  Siege Tank, Marine  
  68  7:58  Marine x2  
  80  8:13  Marine x2, Supply Depot  
  80  8:14  Marine x5  
  80  8:16  Marine x2  
  89  8:22  Starport Tech Lab  
  89  8:30  Fusion Core  
  89  8:31  Siege Tank, Marine x3  
  89  8:32  Marine x3  
  98  8:34  Command Center  
  98  8:36  Supply Depot  
  98  8:59  Supply Depot  
  98  9:03  Marine x3  
  98  9:04  Marine x5  
  98  9:05  Marine  
  98  9:06  Medivac x2  
  98  9:07  Banshee  
  114  9:11  Cloaking Field  
  114  9:19  SCV x2  
  114  9:20  SCV  
  117  9:31  SCV  
  118  9:50  Banshee  
  121  10:07  Marine x4  
  121  10:08  Marine x5  
  124  10:23  Starport  
  124  10:25  Marine x4  
  124  10:26  Marine x5  
  123  10:34  Raven  
  125  10:38  Medivac x2  
  129  10:42  Marine  
  129  10:43  Marine x4  
  129  10:44  Marine x2  
  129  10:46  Terran Vehicle Weapons Level 2  
  136  10:50  Terran Ship Weapons Level 1  
  136  10:51  Weapon Refit  
  136  11:02  SCV x2  
  139  11:09  Orbital Command  
  139  11:13  Orbital Command  
  139  11:14  SCV x2  
  137  11:26  SCV x2  
  137  11:32  Battlecruiser  
  145  11:34  Starport Tech Lab  
  145  11:38  SCV x2  
  147  11:42  Starport  
  145  11:47  Supply Depot  
  85  12:12  Supply Depot  
  70  12:20  Marine  
  70  12:21  Marine x4  
  70  12:22  Marine x4  
  72  12:26  Siege Tank  
  72  12:29  Starport Tech Lab  
  74  12:30  Battlecruiser  
  74  12:36  Supply Depot  
  80  12:38  Marine  
  80  12:39  Marine x6  
  80  12:40  Marine  
  88  12:45  Starport  
  88  12:48  Refinery  
  88  12:51  SCV  
  89  12:53  Refinery  
  89  12:55  SCV  
  89  12:58  Siege Tank  
  93  12:59  Supply Depot  
  93  13:03  SCV  
  93  13:04  SCV x2  
  96  13:07  SCV  
  97  13:15  SCV  
  97  13:16  SCV x2  
  97  13:19  SCV  
  101  13:23  Medivac  
  101  13:24  Medivac  
  101  13:26  Raven  
  107  13:27  SCV  
  107  13:28  Battlecruiser, SCV  
  107  13:29  SCV  
  107  13:32  SCV  
  117  13:39  SCV  
  117  13:40  SCV  
  119  13:44  SCV  
  120  14:02  Marine  
  115  14:03  Marine  
  115  14:04  Marine  
  115  14:05  Marine x5  
  115  14:06  Marine  
  123  14:13  Siege Tank  
  126  14:20  SCV, Marine  
  126  14:21  Starport Tech Lab, Marine  
  126  14:22  Marine x2  
  126  14:23  Marine x5  
  136  14:32  SCV  
  136  14:35  Refinery  
  136  14:38  Marine, SCV  
  139  14:39  Refinery  
  139  14:45  Siege Tank, SCV  
  143  14:50  SCV  
  144  14:57  SCV  
  144  14:59  Marine x3  
  147  15:00  Marine x5  
  147  15:01  Marine  
  147  15:02  SCV  
  147  15:06  Terran Infantry Weapons Level 3  
  155  15:08  Terran Infantry Armor Level 3  
  155  15:09  SCV  
  157  15:14  SCV  
  157  15:17  Siege Tank, Marine x4  
  157  15:18  Marine x5  
  169  15:32  Command Center  
  169  15:35  Marine x5  
  171  15:36  Marine x3  
  121  16:00  Battlecruiser  
  129  16:05  Medivac x2  
  129  16:08  Raven  
  129  16:10  Battlecruiser  
  139  16:25  SCV  
  140  16:31  Marine x2  
  140  16:32  Marine x5  
  146  16:33  Marine x2  
  146  16:37  SCV  
  150  16:42  Raven  
  152  16:49  Marine x3  
  152  16:50  Marine x5  
  152  16:51  Marine  
  163  16:54  Widow Mine  
  163  16:59  Battlecruiser  
  169  17:04  Battlecruiser  
  169  17:07  Marine x2  
  177  17:14  Battlecruiser, Refinery  
  185  17:16  Widow Mine  
  185  17:17  SCV, Refinery  
  186  17:29  SCV  
  189  17:37  Widow Mine  
  189  17:41  SCV  
  190  17:53  SCV  
  114  18:24  Marine x4  
  114  18:25  Marine x2  
  114  18:26  Marine x3  
  100  18:41  Marine  
  100  18:42  Marine x3  
  100  18:43  Marine x2  
  100  18:44  Marine x3  
Tags
 
League
Gold
Matchup
TvT
Race
Terran
Spawn Locations
Cross Positions
Add a new tag
Caveats
  • Supply blocks, unpowered buildings, or Contaminate may cause inaccurate times.
  • Supply counts are checked every 10 seconds.